 Dungeon Crawl Stone Soup version 0.31.0-12-g77e489cdc1 (webtiles) character file.

Game seed: 6068418997274429106

453 spaghetti the Trooper (level 6, -1/45 HPs)
             Began as a Demonspawn Chaos Knight on Feb 18, 2024.
             Was a Plaything of Xom.
             Slain by Eustachio
             ... wielding a +0 falchion
              (9 damage)
             ... on level 5 of the Dungeon.
             The game lasted 00:06:40 (4547 turns).

spaghetti the Trooper (Demonspawn Chaos Knight)     Turns: 4547, Time: 00:06:40

Health: -1/45      AC:  6    Str: 14    XL:     6   Next: 75%
Magic:  10/10      EV: 11    Int: 12    God:    Xom [..*...]
Gold:   215        SH:  0    Dex: 13    Spells: 8/10 levels left

rFire   + . .        k - +0 dagger (venom)
rCold   . . .        (no shield)
rNeg    . . .        a - +2 leather armour
rPois   .            h - +0 helmet
rElec   .            (no cloak)
rCorr   .            (no gloves)
SInv    .            (no boots)
Will    +....        e - amulet of faith
Stlth   +            (no ring)
HPRegen 0.27/turn    (no ring)
MPRegen 0.12/turn

%: faith
@: no status effects
A: powered by pain 1, demonic magic 1, fire resistance 1, frail 1, strong-willed
1
a: Renounce Religion


You were on level 5 of the Dungeon.
You worshipped Xom.
You were a toy of Xom.
You visited 1 branch of the dungeon, and saw 5 of its levels.

You collected 215 gold pieces.

Inventory:

Hand Weapons
 i - a +0 dagger
 k - a +0 dagger of venom (weapon)
Missiles
 n - 4 poisoned darts
Armour
 a - a +2 leather armour (worn)
 h - a +0 helmet (worn)
Jewellery
 e - an amulet of faith (around neck)
Wands
 j - a wand of flame (7)
 l - a wand of polymorph (12)
 m - a wand of paralysis (15)
Scrolls
 c - 2 scrolls of identify
 d - a scroll of fog
 f - a scroll of amnesia
 g - 3 scrolls of vulnerability


   Skills:
 - Level 5.0 Fighting
 - Level 1.7 Armour
 - Level 0.8 Dodging
 - Level 0.3 Stealth
 - Level 2.6 Unarmed Combat
 + Level 2.7 Spellcasting
 + Level 3.0 Hexes
 + Level 2.6 Ice Magic


You had 8 spell levels left.
You knew the following spells:

 Your Spells              Type           Power      Damage    Failure   Level
a - Ensorcelled Hibernat  Hex/Ice        16%        N/A       14%         2

Your spell library contained the following spells:

 Spells                   Type           Power      Damage    Failure   Level
 Jinxbite                 Hex            18%        N/A       13%         2
 Apportation              Tloc           2%         N/A       30%         1
 Inner Flame              Hex/Fire       5%         N/A       45%         3
 Passwall                 Erth           1%         N/A       67%         3
 Swiftness                Air            1%         N/A       67%         3
 Alistair's Intoxication  Alch           0%         N/A       100%        5
 Irradiate                Conj/Alch      0%         3d11      100%        5
 Ignition                 Fire           0%         3d3       100%        8


Dungeon Overview and Level Annotations

Branches:
Dungeon (5/15)             Temple (0/1) D:5

Altars:
Dithmenos
Fedhas
Gozag
Wu Jian
Yredelemnul

Shops:
D:2 *

Annotations:
D:4 1 exclusion
D:5 Eustachio


Innate Abilities, Weirdness & Mutations

You sometimes gain a little power by taking damage.
Spells you cast may paralyse adjacent enemies.
Your flesh is heat resistant. (rF+)
You are frail. (-10% HP)
You are strong-willed. (Will+)


Message History

The puff of frost hits you.
You barely miss the white imp.
The white imp is heavily wounded.
The white imp hits you but does no damage.
You hit the white imp but do no damage.
The white imp is heavily wounded.
The white imp gestures at you. The puff of frost hits you.
* * * LOW HITPOINT WARNING * * *
You hit Eustachio but do no damage.
Eustachio is poisoned.
Eustachio gestures wildly while chanting.
The white imp hits you but does no damage.
You hit Eustachio.
Eustachio is lightly wounded.
The hound barely misses you.
Eustachio casts a spell.
The white imp gestures at you.
The puff of frost hits you but does no damage.
You hit Eustachio but do no damage.
Eustachio is lightly wounded.
The quokka disappears in a puff of smoke!
The hound barely misses you. Eustachio hits you with a +0 falchion.
* * * LOW HITPOINT WARNING * * *
The white imp hits you but does no damage.
The hound misses you. The rat misses you.
Eustachio mumbles some strange words.
Eustachio blinks!
The white imp gestures at you. The puff of frost misses you.
The hound attacks as it pursues you! The hound bites you.
* * * LOW HITPOINT WARNING * * *
Okay, then.
You aren't carrying any potions.
Aiming: Paralyse
Press: ? - help, Shift-Dir - straight line, f/p - Eustachio
Aim: Eustachio, wielding a +0 falchion and wearing a +0 leather armour (lightly wounded, poisoned, chance to affect: 49%) Eustachio resists with some effort.
The hound closely misses you. The hound bites you but does no damage.
Eustachio hits you with a +0 falchion!
You die...
Eustachio says, "Such is the fate of all honourless rascals."
Xom howls with laughter!

.@. #......(# # #.##.#
#..##.....#.#.# #.##.#
#.).......((#.# #.....
#.#######......[...#.# #..#.#
#....(.$....#.(.%....######..#..
....##########.#..............#.#
## ....... #.#.r§.#########.#.#
.(..... #.r5r..'.........#.#
.......##.@@hr.#########.#..
.......##..#############.#.#
#.....#..###.8.#.....#....
#.....#..##......###.#..##
+.....'..##8.>.8........#
#.....##.##......###.#####
#.....##.###.8.#####......
#.....##.# #.#............
#.....##.# #.#############


You could see Eustachio (poisoned), a hound, a river rat (summoned), a white
imp, 2 quokkas and a rat (summoned).

Vanquished Creatures
  A black bear (D:5)
  A jelly (shapeshifter) (D:5)
  2 jellies (D:4)
  A hound (D:5)
  2 bombardier beetles (D:5)
  A gnoll (D:1)
  5 adders
  3 ribbon worms (D:2)
  3 dart slugs (D:3)
  4 orcs
  14 endoplasms
  A giant cockroach (D:1)
  10 goblins
  A goblin (shapeshifter) (D:1)
  10 hobgoblins
  7 jackals
  6 quokkas
  5 ball pythons
  8 bats
  3 frilled lizards
  8 kobolds
  5 rats
101 creatures vanquished.

Vanquished Creatures (others)
  7 ballistomycete spores (D:4)
7 creatures vanquished.

Grand Total: 108 creatures vanquished

Notes
Turn   | Place    | Note
-------+----------+-------------------------------------------
     0 | D:1      | spaghetti the Demonspawn Chaos Knight began the quest for
                  | the Orb.
     0 | D:1      | Reached XP level 1. HP: 18/18 MP: 1/1
    56 | D:1      | XOM: silly message
   116 | D:1      | Gained mutation: You sometimes gain a little power by
                  | taking damage. [demonic ancestry]
   116 | D:1      | Reached XP level 2. HP: 24/24 MP: 2/2
   358 | D:1      | Reached skill level 4 in Fighting
   461 | D:1      | Reached XP level 3. HP: 18/31 MP: 3/3
   710 | D:1      | an endoplasm changed into a glowing shapeshifter
   710 | D:1      | Noticed a glowing shapeshifter (glowing shapeshifter)
   710 | D:1      | XOM: polymorph endoplasm -> glowing shapeshifter
   710 | D:1      | a glowing shapeshifter changed into a goblin
   905 | D:2      | XOM: fog
   936 | D:2      | XOM: 8-stop teleportation journey
  1107 | D:2      | XOM: confuse monster(s)
  1241 | D:2      | Found Xius Istri's General Store.
  1364 | D:2      | Gained mutation: Spells you cast may paralyse adjacent
                  | enemies. [demonic ancestry]
  1364 | D:2      | Reached XP level 4. HP: 13/38 MP: 4/4
  1477 | D:2      | Learned a level 2 spell: Ensorcelled Hibernation
  1551 | D:2      | XOM: torment (20/38 hp)
  1651 | D:2      | Reached skill level 5 in Fighting
  1685 | D:2      | XOM: give mutations
  1685 | D:2      | Gained mutation: You are frail. (-10% HP) [Xom's mischief]
  1685 | D:2      | Gained mutation: Your body sometimes deteriorates upon
                  | taking damage. [Xom's mischief]
  1840 | D:3      | Found an opulent altar of Gozag.
  2240 | D:3      | XOM: summons 2 hostile demons
  2492 | D:3      | XOM: cleaving
  2733 | D:3      | Reached skill level 1 in Hexes
  2747 | D:3      | XOM: polymorph frilled lizard -> goblin
  2880 | D:3      | Reached skill level 1 in Spellcasting
  2973 | D:3      | Reached skill level 1 in Ice Magic
  2973 | D:3      | Reached XP level 5. HP: 35/39 MP: 6/6
  3314 | D:4      | XOM: snakes to sticks
  3316 | D:4      | XOM: polymorph sleepcap -> ballistomycete
  3475 | D:3      | XOM is BORED!
  3565 | D:4      | XOM: silly message
  3623 | D:4      | Found a basalt altar of Yredelemnul.
  3623 | D:4      | Found an opulent altar of Gozag.
  3623 | D:4      | Found a shadowy altar of Dithmenos.
  3623 | D:4      | Found a blossoming altar of Fedhas.
  3623 | D:4      | Found a blossoming altar of Fedhas.
  3623 | D:4      | Found an ornate altar of the Wu Jian Council.
  3632 | D:4      | XOM: potion effect (haste)
  3638 | D:4      | XOM: potion effect (might)
  4015 | D:4      | XOM: confusion
  4019 | D:4      | XOM: silly message
  4034 | D:5      | Entered Level 5 of the Dungeon
  4045 | D:5      | Reached XP level 6. HP: 34/45 MP: 7/9
  4160 | D:5      | Found a staircase to the Ecumenical Temple.
  4160 | D:5      | Found a basalt altar of Yredelemnul.
  4196 | D:5      | Lost mutation: Your body sometimes deteriorates upon taking
                  | damage. [potion of mutation]
  4196 | D:5      | Lost mutation: You are frail. (-10% HP) [potion of
                  | mutation]
  4196 | D:5      | Gained mutation: Your flesh is heat resistant. (rF+)
                  | [potion of mutation]
  4196 | D:5      | Gained mutation: You are frail. (-10% HP) [potion of
                  | mutation]
  4272 | D:5      | XOM: 4-stop teleportation journey
  4403 | D:5      | XOM: scenery: 1 doors open
  4415 | D:5      | a scorpion changed into a glowing shapeshifter
  4415 | D:5      | Noticed a glowing shapeshifter (glowing shapeshifter)
  4415 | D:5      | XOM: polymorph scorpion -> glowing shapeshifter
  4416 | D:5      | a glowing shapeshifter changed into a frilled lizard
  4417 | D:5      | a frilled lizard changed into a steam dragon
  4417 | D:5      | Noticed a steam dragon (glowing shapeshifter)
  4418 | D:5      | XOM: potion effect (berserk rage)
  4418 | D:5      | a steam dragon changed into a centaur
  4518 | D:5      | Noticed Eustachio
  4518 | D:5      | XOM: scenery: 1 doors open
  4521 | D:5      | XOM: give mutation
  4521 | D:5      | Gained mutation: You are strong-willed. (Will+) [Xom's
                  | grace]
  4532 | D:5      | XOM: silly message
  4547 | D:5      | Slain by Eustachio

Illustrated notes

Levels and vault maps discovered:
D:1:      lemuel_arrival_broad_hall, layout_basic
D:2:      layout_basic, serial_shops, nicolae_shop_pleasant_corner_grove
D:3:      kennysheep_six_static_rooms, layout_loops_corners,
          nicolae_gozag_seed_capital, grunt_ministairs_2,
          minmay_stone_trees_medium, serial_bayou_ford_a
D:4:      cheibrodos_fertilizer, layout_basic, nicolae_overflow_crystal_walls,
          nicolae_uskayaw_suspiria, st_stairs_13, kennysheep_path_1,
          uniq_grinder
D:5:      layout_basic, mainiacjoe_overflow_cross_hatched,
          minmay_temple_entry_statues_pillars, gammafunk_ghost_grave,
          uniq_eustachio

Skill      XL: |  1  2  3  4  5  6 |
---------------+-------------------+-----
Fighting       | 4 5 |  5.0
Hexes          | 1 2 3 |  3.0
Spellcasting   | 1 2 |  2.7
Ice Magic      | 1 2 |  2.6
Armour         | |  1.7
Dodging        | |  0.8
Stealth        | |  0.3
Unarmed Combat | |  2.6

Action                     |  1- 3 |  4- 6 || total
---------------------------+-------+-------++-------
  Melee: Unarmed           |   275 |       ||   275
         Punch             |     5 |     8 ||    13
         Dagger            |       |   360 ||   360
  Throw: Dart              |       |     5 ||     5
   Cast: Ensorcelled Hiber |       |     2 ||     2
  Evoke: Wand              |       |     1 ||     1
    Use: Scroll            |     3 |     5 ||     8
         Potion            |     1 |     9 ||    10
   Stab: Paralysed         |       |     2 ||     2
         Sleeping          |       |     1 ||     1
 Armour: Leather armour    |   159 |   246 ||   405
  Dodge: Dodged            |   171 |   224 ||   395
